 Dungeon Crawl Stone Soup version 0.29-a0-221-gceb61267dd (webtiles) character file.

Game seed: 2670064415490677883

243 shoop the Vexing (level 5, -1/29 HPs)
             Began as a Deep Elf Arcane Marksman on Feb 26, 2022.
             Killed from afar by an orc wizard (5 damage)
             ... with a magic dart
             ... on level 4 of the Dungeon.
             The game lasted 00:06:16 (3692 turns).

shoop the Vexing (Deep Elf Arcane Marksman)         Turns: 3692, Time: 00:06:17

Health: -1/29      AC:  2    Str:  7    XL:     5   Next: 82%
Magic:  10/10      EV: 13    Int: 20    God:
Gold:   51         SH:  0    Dex: 15    Spells: 1/8 levels left

rFire   + . .      SeeInvis .   a - +0 shortbow
rCold   + + .      Faith    .   (shield currently unavailable)
rNeg    . . .      Spirit   .   b - +0 robe
rPois   .          Reflect  .   (no helmet)
rElec   .          Harm     .   m - scarf {rC+ rF+}
rCorr   .          Rampage  .   (no gloves)
Will    .....                   (no boots)
Stlth   +.........              (no amulet)
HPRegen 0.09/turn               h - ring of protection from cold
MPRegen 0.12/turn               (no ring)

@: confused
A: no striking features
a: no special abilities


You were on level 4 of the Dungeon.
You visited 1 branch of the dungeon, and saw 4 of its levels.

You collected 106 gold pieces.
You spent 55 gold pieces at shops.

Inventory:

Hand Weapons
 a - a +0 shortbow (weapon)
Armour
 b - a +0 robe (worn)
 m - a scarf of resistance (worn)
Jewellery
 h - a ring of protection from cold (left hand)
Wands
 q - a wand of iceblast (4)
Scrolls
 c - a scroll of noise {unknown}
 g - 3 scrolls of identify {unknown}
 i - 2 scrolls of fog
 j - a scroll of enchant weapon {unknown}
 k - a scroll of teleportation
Potions
 d - a potion of berserk rage {unknown}
 e - 2 potions of brilliance {unknown}
 f - a potion of magic {unknown}
 l - 3 potions of curing {unknown}
 n - a potion of resistance {unknown}
 o - a potion of ambrosia {unknown}
 p - a potion of mutation {unknown}


   Skills:
 - Level 1.0 Fighting
 - Level 5.0 Bows
 - Level 3.0 Dodging
 - Level 2.0 Stealth
 + Level 2.2 Spellcasting
 + Level 5.4 Hexes
 - Level 2.0 Transmutations
 - Level 2.0 Earth Magic
 + Level 0.0 Evocations


You had one spell level left.
You knew the following spells:

 Your Spells              Type           Power      Damage    Failure   Level
a - Slow                  Hex            92%        N/A       1%          1
f - Cause Fear            Hex            11%        N/A       17%         4
p - Passwall              Tmut/Erth      8%         N/A       11%         2

Your spell library contained the following spells:

 Spells                   Type           Power      Damage    Failure   Level
 Sandblast                Erth           20%        2d7       7%          1
 Magic Dart               Conj           8%         1d3       16%         1
 Inner Flame              Hex/Fire       13%        N/A       16%         3
 Portal Projectile        Hex/Tloc       26%        N/A       16%         3
 Call Imp                 Summ           2%         N/A       24%         2
 Stone Arrow              Conj/Erth      12%        3d7       30%         3
 Mephitic Cloud           Conj/Pois/Air  2%         N/A       43%         3
 Blade Hands              Tmut           5%         N/A       88%         5
 Excruciating Wounds      Necr           1%         N/A       99%         5


Dungeon Overview and Level Annotations

Branches:
Dungeon (4/15)
 Temple: D:4-7

Altars:

Shops:
D:2 ?   D:3 (

Annotations:
D:4 Eustachio, Pikel


Message History

The orc wizard mumbles some strange words.
The orc wizard flickers and vanishes!
Deactivating autopickup; reactivate with Ctrl-A.
A puff of flame appears from out of thin air!
The puff of flame hits you. You resist.
There is a stone staircase leading up here.
Shoot: a) +0 shortbow
Press: ? - help, Shift-Dir - straight line You shoot an arrow.
Something tries to affect you, but you resist.
Shoot: a) +0 shortbow
Press: ? - help, Shift-Dir - straight line You shoot an arrow.
Shoot: a) +0 shortbow
Press: ? - help, Shift-Dir - straight line You shoot an arrow.
Shoot: a) +0 shortbow
Press: ? - help, Shift-Dir - straight line You shoot an arrow.
A magic dart appears from out of thin air!
The magic dart hits you.
Shoot: a) +0 shortbow
Press: ? - help, Shift-Dir - straight line You shoot an arrow.
Shoot: a) +0 shortbow
Press: ? - help, Shift-Dir - straight line You shoot an arrow.
A magic dart appears from out of thin air!
The magic dart hits you!
* * * LOW HITPOINT WARNING * * *
You hear some strange, mumbled words.
You are confused.
In your confused state, you trip and fall back down the stairs.
* * * LOW HITPOINT WARNING * * *
You hear some strange, mumbled words.
A puff of flame appears from out of thin air!
The puff of flame misses you.
A magic dart appears from out of thin air!
The magic dart hits you.
You die...

)......)..........#........
#.#.#...##.......##.......#
#....#......###......#
#....#..........# ##.###
#..###...÷.....## #.... ###
#..#.##...####..##
##.#.{###........#
###.............#
#..@†....#..###
##..>.......##
#...........# #.....##...##
###...#.#...# ###.....###
#######


There were no monsters in sight!

Vanquished Creatures
  An ogre (D:4)
  A jelly (D:3)
  An iguana (D:3)
  3 gnolls (D:2)
  3 adders
  2 orcs (D:4)
  5 bats
  7 endoplasms
  A giant cockroach (D:2)
  2 goblins (D:1)
  2 hobgoblins (D:1)
  3 jackals (D:1)
  3 kobolds
  A quokka (D:3)
  7 ball pythons
  5 frilled lizards
  2 rats
49 creatures vanquished.

Notes
Turn   | Place    | Note
-------+----------+-------------------------------------------
     0 | D:1      | shoop the Deep Elf Arcane Marksman began the quest for the
                  | Orb.
     0 | D:1      | Reached XP level 1. HP: 11/11 MP: 5/5
   206 | D:1      | Reached skill level 1 in Stealth
   219 | D:1      | Reached XP level 2. HP: 16/16 MP: 6/6
   408 | D:1      | Learned a level 2 spell: Passwall
   859 | D:2      | Found a faded altar of an unknown god.
   941 | D:2      | Reached XP level 3. HP: 2/20 MP: 7/7
  1395 | D:2      | Found Ustrewux's Magic Scroll Shop.
  1399 | D:2      | Bought a scroll of fog for 22 gold pieces
  1399 | D:2      | Bought a scroll of teleportation for 33 gold pieces
  1755 | D:2      | Reached skill level 5 in Bows
  1759 | D:2      | HP: 1/20 [gnoll/+0 flail (9)]
  2409 | D:3      | Reached XP level 4. HP: 24/24 MP: 8/8
  2471 | D:3      | Reached skill level 1 in Fighting
  2581 | D:3      | Found Beloan's Weapon Boutique.
  3079 | D:3      | Reached skill level 1 in Transmutations
  3241 | D:4      | Reached skill level 1 in Earth Magic
  3248 | D:4      | Noticed an ogre
  3303 | D:3      | Reached XP level 5. HP: 18/29 MP: 8/10
  3457 | D:4      | Noticed an ogre
  3475 | D:4      | Killed an ogre
  3476 | D:4      | Reached skill level 5 in Hexes
  3481 | D:4      | Learned a level 4 spell: Cause Fear
  3488 | D:4      | Noticed Eustachio
  3512 | D:4      | Noticed Pikel
  3692 | D:4      | Killed from afar by an orc wizard

Illustrated notes

Levels and vault maps discovered:
D:1:      co_arrival_square_in_a_square_in_a_square, layout_loops_cross
D:2:      layout_loops_ring, hellmonk_ecumenical_altar_lost_god, serial_shops,
          shop, minmay_misc_feat_roman, uniq_crazy_yiuf_cottage
D:3:      layout_basic, serial_shops, nicolae_shop_trees
D:4:      layout_cave_pools, uniq_pikel, uniq_natasha, uniq_eustachio

Skill      XL: |  1  2  3  4  5 |
---------------+----------------+-----
Bows           | 3 4 5 |  5.0
Stealth        | 1 2 |  2.0
Fighting       | 1 |  1.0
Spellcasting   | 2 |  2.2
Transmutations | 1 2 |  2.0
Earth Magic    | 1 2 |  2.0
Dodging        | 3 |  3.0
Hexes          | 5 |  5.4

Action                   |  1- 3 |  4- 6 || total
-------------------------+-------+-------++-------
 Fire: Shortbow          |    85 |    89 ||   174
 Cast: Slow              |     3 |    11 ||    14
Armor: Robe              |     7 |     6 ||    13
Dodge: Dodged            |    20 |    24 ||    44

Table legend: (Time is in decaauts)
 A = Elapsed time spent in this place.
 B = Non-inter-level travel time spent in this place.
 C = Inter-level travel time spent in this place.
 D = Time resting spent in this place.
 E = Time spent auto-exploring this place.
 F = Levels seen in this place.
 G = Mean time per level.
                   A        B        C        D        E       F      G
               +--------+--------+--------+--------+--------+-----+--------+
         Total |   3743 |   3561 |    182 |    123 |   2961 |   4 |  935.8 |
       Dungeon |   3743 |   3561 |    182 |    123 |   2961 |   4 |  935.8 |
               +--------+--------+--------+--------+--------+-----+--------+

Top non-repeatable levels by time:
     D:2: 1509 daAuts
     D:3: 1199 daAuts
     D:1: 851 daAuts
     D:4: 183 daAuts
